 Dungeon Crawl Stone Soup version 0.22-a0-480-g991dd4b2b4 (webtiles) character file.

65797 TazKhaelyor the Unseen (level 14, -10/69 HPs)
             Began as a Spriggan Enchanter on June 15, 2018.
             Was a High Priest of Sif Muna.
             Mangled by an orc warrior
             ... wielding a +0 glaive
             ... led by an orc warlord
              (19 damage)
             ... on level 1 of the Orcish Mines on June 16, 2018.
             The game lasted 02:52:09 (28264 turns).

TazKhaelyor the Unseen (Spriggan Enchanter)        Turns: 28264, Time: 02:52:10

Health: -10/69     AC:  5    Str:  4    XL:     14   Next: 76%
Magic:  0/30       EV: 33    Int: 26    God:    Sif Muna [*****.]
Gold:   1097       SH:  0    Dex: 23    Spells: 11/35 levels left

rFire    + . .     SeeInvis +   a - +1 dagger (flame)
rCold    . . .     Gourm    .   (shield restricted)
rNeg     . . .     Faith    .   J - +2 robe {Archmagi}
rPois    .         Spirit   +   (helmet restricted)
rElec    .         Reflect  .   Z - +0 cloak
rCorr    .         Harm     .   (gloves unavailable)
MR       ++...                  (boots unavailable)
Stlth    ++++++++..             K - amulet "Ulinusk" {Spirit Int+3 Dex+4}
HPRegen  0.21/turn              S - +4 ring of intelligence
MPRegen  0.22/turn              P - ring of protection from fire

@: divine energy, very quick
A: very small, unfitting armour, see invisible, herbivore, speed 3, slow
metabolism 2
a: Stop Divine Energy, Channel Magic, Forget Spell, Renounce Religion


You were on level 1 of the Orcish Mines.
You worshipped Sif Muna.
Sif Muna was extremely pleased with you.
You were hungry.

You visited 4 branches of the dungeon, and saw 21 of its levels.

You collected 1334 gold pieces.
You spent 237 gold pieces at shops.

Inventory:

Hand Weapons
 a - a +1 dagger of flaming (weapon)
 b - a +0 blowgun
 c - a +1 dagger of venom
 R - a +1 dagger of freezing
Missiles
 D - 271 arrows
 F - 47 poisoned needles
 T - 4 curare-tipped needles
Armour
 s - a +2 robe of magic resistance
 u - a +2 robe of positive energy
 J - a +2 robe of the Archmagi (worn)
 Z - a +0 cloak (worn)
Jewellery
 K - the amulet "Ulinusk" (around neck) {Spirit Int+3 Dex+4}
   (You took it off an orc knight on level 10 of the Dungeon)

   [amulet of guardian spirit]

   It causes incoming damage to be split between your health and magic.
   It affects your intelligence (+3).
   It affects your dexterity (+4).
 P - a ring of protection from fire (right hand)
 S - a +4 ring of intelligence (left hand)
 X - an uncursed ring of flight
Wands
 i - a wand of iceblast (10)
 y - a wand of enslavement (13)
 z - a wand of digging (19)
 A - a wand of flame (32)
 B - a wand of disintegration (15)
 C - a wand of clouds (6)
 I - a wand of paralysis (17)
 Y - a wand of acid (10)
Scrolls
 e - 5 scrolls of remove curse
 g - a scroll of immolation
 h - 2 scrolls of identify
 k - 6 scrolls of teleportation
 l - a scroll of enchant armour {unknown}
 q - 4 scrolls of blinking
 G - a scroll of holy word {unknown}
 H - 3 scrolls of amnesia
 L - a scroll of magic mapping
 M - a scroll of fear {unknown}
 W - a scroll of acquirement {unknown}
Potions
 f - 3 potions of brilliance
 j - 5 potions of agility
 m - 3 potions of might
 n - a potion of magic
 o - 10 potions of lignification
 p - a potion of resistance {unknown}
 r - 3 potions of ambrosia
 t - 2 potions of haste
 v - 9 potions of curing
 w - 4 potions of heal wounds
 x - a potion of berserk rage
 Q - a potion of mutation {unknown}
 V - 2 potions of flight
Miscellaneous
 N - a fan of gales
 U - a lightning rod (4/4)
Comestibles
 d - 31 rations


   Skills:
 + Level 5.8 Fighting
 * Level 13.2 Short Blades
 * Level 14.5 Dodging
 * Level 19.0 Stealth
 + Level 11.0 Spellcasting
 + Level 3.2 Conjurations
 - Level 10.0 Hexes
 + Level 6.2 Charms
 - Level 6.0 Transmutations
 + Level 4.2 Ice Magic


You had 11 spell levels left.
You knew the following spells:

 Your Spells              Type           Power        Failure   Level  Hunger
a - Corona                Hex            #######      1%          1    None
b - Ensorcelled Hibernat  Hex/Ice        ######       1%          2    None
c - Confuse               Hex            #######.     1%          3    None
d - Beastly Appendage     Tmut           ######       1%          1    None
e - Dazzling Spray        Conj/Hex       ######       1%          3    None
f - Sticks to Snakes      Tmut           ######..     1%          2    None
g - Tukima's Dance        Hex            #######.     1%          3    None
h - Blink                 Tloc           N/A          6%          2    None
i - Yara's Violent Unrav  Hex/Tmut       ######....   4%          5    ###....
j - Swiftness             Chrm/Air       #####...     1%          2    None

Your spell library contained the following spells:

 Spells                   Type           Power        Failure   Level  Hunger
 Cause Fear               Hex            #######...   1%          4    None
 Magic Dart               Conj           ####         1%          1    None
 Conjure Flame            Conj/Fire      ####....     6%          3    None
 Lightning Bolt           Conj/Air       ####......   52%         5    ###....
 Slow                     Hex            #######.     1%          2    None
 Invisibility             Hex            #######.     11%         6    #####..
 Throw Frost              Conj/Ice       ######       1%          2    None
 Mephitic Cloud           Conj/Pois/Air  ####....     8%          3    None
 Venom Bolt               Conj/Pois      ####......   52%         5    ###....
 Call Imp                 Summ           ###.....     6%          2    None
 Stone Arrow              Conj/Erth      ####..       6%          3    None
 Shock                    Conj/Air       ####         2%          1    None
 Spider Form              Tmut/Pois      #####.....   3%          3    None
 Blade Hands              Tmut           ######....   10%         5    ###....
 Ice Form                 Ice/Tmut       ######..     4%          4    None
 Airstrike                Air            ###.......   38%         4    None
 Shadow Creatures         Summ           N/A          99%         6    #####..
 Static Discharge         Conj/Air       ####....     6%          3    None
 Portal Projectile        Hex/Tloc       ######       1%          3    None
 Orb of Destruction       Conj           #####.....   100%        7    ######.
 Inner Flame              Hex/Fire       ######..     1%          3    None
 Fulminant Prism          Conj/Hex       ######....   2%          4    None
 Searing Ray              Conj           #####.       1%          2    None
 Summon Mana Viper        Hex/Summ       ######..     14%         5    ###....
 Lesser Beckoning         Tloc           ###.......   12%         3    None


Dungeon Overview and Level Annotations

Branches:
Dungeon (12/15)            Temple (1/1) D:6            Lair (6/6) D:11
 Shoals (0/4) Lair:4        Snake (0/4) Lair:4        Slime (0/5) Lair:6
    Orc (2/2) D:10            Elf (0/3) Orc:2

Altars:
Ashenzari
Cheibriados
Dithmenos
Elyvilon
Fedhas
Gozag
Hepliaklqana
Kikubaaqudgha
Makhleb
Nemelex Xobeh
Okawaru
Qazlal
Ru
Sif Muna
Trog
Uskayaw
Vehumet
Wu Jian
Xom
Yredelemnul
Zin
The Shining One
Jiyva

Shops:
D:8 **=*   D:10 *

Portals:
Hell: Lair:6


Innate Abilities, Weirdness & Mutations

You are very small and have problems with some larger weapons.
You are too small for most types of armour.
You have supernaturally acute eyesight. (SInv)
You are a herbivore.
You cover ground extremely quickly.
You need to consume almost no food.


Message History

The orc warrior is severely wounded.
The orc wizard no longer looks unusually strong.
The orc completely misses you. The orc warrior closely misses you.
The orc warrior completely misses you.
You hit the orc warrior but do no damage.
The orc warrior is severely wounded.
The orc warrior misses you.
An orc warrior comes into view. It is wielding a scimitar.
You closely miss the orc warrior.
The orc warrior is severely wounded.
You hear the faint crackling of a very distant melting archway.
The orc warrior no longer looks unusually strong.
The orc no longer looks unusually strong.
The orc completely misses you.
You barely miss the orc warrior.
The orc warrior is severely wounded.
You are feeling hungry.
The orc warrior completely misses you.
The orc warrior hits you from afar with a glaive!!
You die...

....... #......
.###......
..#....$##
........o##
#.....#o###
#.....§ooo##
##$....oooo@#
#....>..Ooo##
..........oo##
o..........o.#
...........o..#
..............#
.........#......
.........#....#.
........##..###


You could see an orc warlord, 4 orc warriors, an ogre, 2 orc priests, an orc
wizard and 6 orcs.

Vanquished Creatures
  The ghost of tamionv the Basher, a journeyman GrFi of Okawaru (D:11)
  7 hydras
  2 catoblepae
  A death knight (D:10)
  2 two-headed ogres
  4 death yaks
  A sun demon (Lair:6)
  A wizard (Lair:6)
  The ghost of levstk the Blocker, a novice GrFi of Okawaru (D:8)
  2 orc knights
  Pikel (D:5)
  3 oklob plants (D:11)
  An orc sorcerer (Orc:1)
  2 cyclopes
  2 manticores
  24 elephants
  3 black mambas
  A centaur zombie (D:11)
  15 spiny frogs
  3 orange demons (Lair:6)
  2 kobold demonologists (D:11)
  10 komodo dragons
  4 rime drakes
  3 ice devils (Lair:6)
  2 trolls
  4 polar bears
  Grinder (D:4)
  Prince Ribbit (D:5)
  A snapping turtle (Lair:4)
  15 dream sheep
  18 blink frogs
  5 hippogriffs
  2 wraiths (D:10)
  4 wyverns
  3 basilisks
  52 yaks
  Edmund (D:6)
  3 nagas (Lair:4)
  Duvessa (D:6)
  11 water moccasins
  Purgy (D:4)
  7 porcupines
  4 hell hounds (Lair:6)
  10 orc warriors
  6 ice beasts
  7 sky beasts
  7 ogres
  7 wolves
  6 centaurs
  14 crocodiles
  2 big kobolds
  13 bullfrogs
  Blork the orc (D:4)
  A wyvern zombie (D:10)
  A water moccasin zombie (D:7)
  3 scorpions
  Dowan (D:6)
  13 killer bees
  4 wights (D:10)
  4 howler monkeys
  2 electric eels (Lair:2)
  8 crimson imps
  A bullfrog zombie (D:10)
  3 quasits
  A bullfrog skeleton (D:10)
  16 orc wizards
  6 hounds
  2 centaur skeletons
  10 orc priests
  5 jellies
  A gnoll shaman (D:10)
  4 iguanas
  12 worker ants
  2 hound skeletons
  A worker ant zombie (D:7)
  11 adders
  10 gnolls
  A howler monkey skeleton (D:5)
  4 shadow imps
  2 oozes (D:3)
  2 adder zombies
  5 adder skeletons
  7 worms
  2 dart slugs (D:2)
  6 leopard geckos
  59 orcs
  11 giant cockroaches
  10 goblins
  9 hobgoblins
  18 jackals
  4 quokkas
  A ball python (D:1)
  13 bats
  6 frilled lizards
  9 kobolds
  A quokka skeleton (D:5)
  5 rats
  2 plants (Lair:1)
604 creatures vanquished.

Vanquished Creatures (collateral kills)
  An ogre (D:11)
1 creature vanquished.

Vanquished Creatures (others)
  9 fungi
  13 plants
22 creatures vanquished.

Grand Total: 627 creatures vanquished

Notes
Turn   | Place    | Note
-------+----------+-------------------------------------------
     0 | D:1      | TazKhaelyor the Spriggan Enchanter began the quest for the Orb.
     0 | D:1      | Reached XP level 1. HP: 9/9 MP: 5/5
   372 | D:1      | Reached skill level 5 in Stealth
   377 | D:1      | Reached XP level 2. HP: 13/13 MP: 6/6
   849 | D:1      | Learned a level 2 spell: Ensorcelled Hibernation
  1131 | D:1      | Reached XP level 3. HP: 16/16 MP: 5/8
  1844 | D:2      | Reached skill level 6 in Stealth
  2083 | D:2      | Reached XP level 4. HP: 11/21 MP: 1/9
  3081 | D:2      | Found a shattered altar of Ashenzari.
  3081 | D:2      | Found a burning altar of Makhleb.
  3081 | D:2      | Found a deep blue altar of Sif Muna.
  3103 | D:2      | Became a worshipper of Sif Muna the Loreminder
  3434 | D:3      | Reached skill level 7 in Stealth
  3673 | D:3      | Reached XP level 5. HP: 24/24 MP: 10/10
  3693 | D:3      | Found a sparkling altar of Nemelex Xobeh.
  4544 | D:3      | Noticed an orc warrior
  4546 | D:3      | Killed an orc warrior
  4546 | D:3      | Reached XP level 6. HP: 28/28 MP: 11/11
  4550 | D:3      | Reached skill level 5 in Dodging
  5142 | D:4      | Noticed Grinder
  5147 | D:4      | Reached skill level 8 in Stealth
  5155 | D:4      | Killed Grinder
  5155 | D:4      | Reached XP level 7. HP: 32/32 MP: 13/13
  5167 | D:4      | Noticed Purgy
  5186 | D:4      | Noticed Blork the orc
  5188 | D:4      | Killed Purgy
  5188 | D:4      | Reached skill level 9 in Stealth
  5195 | D:4      | Killed Blork the orc
  5391 | D:4      | Reached skill level 5 in Hexes
  5757 | D:4      | Learned a level 3 spell: Confuse
  5897 | D:4      | Reached * piety under Sif Muna
  6390 | D:5      | Entered Level 5 of the Dungeon
  6457 | D:5      | Reached XP level 8. HP: 33/36 MP: 15/15
  6474 | D:5      | Reached skill level 10 in Stealth
  6474 | D:5      | Reached skill level 1 in Ice Magic
  6928 | D:5      | Reached skill level 5 in Spellcasting
  7104 | D:5      | Noticed Prince Ribbit
  7116 | D:5      | Killed Prince Ribbit
  7194 | D:4      | Reached skill level 5 in Short Blades
  7194 | D:4      | Reached skill level 11 in Stealth
  7625 | D:5      | Noticed Pikel
  7641 | D:5      | Killed Pikel
  7641 | D:5      | Reached XP level 9. HP: 38/39 MP: 13/18
  7813 | D:6      | Noticed Edmund
  7820 | D:6      | Killed Edmund
  7820 | D:6      | Reached ** piety under Sif Muna
  7820 | D:6      | Reached skill level 12 in Stealth
  7824 | D:6      | Found a staircase to the Ecumenical Temple.
  7835 | D:6      | Found a glowing silver altar of Zin.
  8190 | D:6      | Noticed Duvessa
  8190 | D:6      | Noticed Dowan
  8198 | D:6      | Killed Dowan
  8212 | D:6      | Killed Duvessa
  8267 | D:6      | Found a shimmering altar of Xom.
  8272 | Temple   | Entered the Ecumenical Temple
  9131 | D:7      | Found a hide-covered altar of Uskayaw.
  9285 | D:7      | Found an iron altar of Okawaru.
 10408 | D:7      | Reached XP level 10. HP: 44/44 MP: 18/21
 10437 | D:7      | Reached skill level 13 in Stealth
 10823 | D:8      | Found a white marble altar of Elyvilon.
 10892 | D:8      | Noticed a cyclops
 10897 | D:8      | Killed a cyclops
 10914 | D:8      | Found Jeara's Assorted Antiques.
 10999 | D:8      | Found Jiluq's Jewellery Boutique.
 11121 | D:8      | Found Yxtiefak's Assorted Antiques.
 11164 | D:8      | HP: 2/44 [poisoned by a killer bee]
 11765 | D:8      | Noticed levstk's ghost (novice GrFi)
 11794 | D:8      | Killed levstk's ghost
 12153 | D:8      | Reached skill level 1 in Fighting
 12294 | D:8      | Found Waxiuzxi's Assorted Antiques.
 12378 | D:8      | Found a sacrificial altar of Ru.
 12474 | D:8      | Bought a dented garnet amulet for 155 gold pieces
 12492 | D:8      | Bought a cursed -2 ring of strength for 30 gold pieces
 12514 | D:8      | You fall through a shaft!
 12832 | D:9      | Reached skill level 14 in Stealth
 12851 | D:9      | Reached *** piety under Sif Muna
 13203 | D:9      | Found a blossoming altar of Fedhas.
 13541 | D:9      | Reached skill level 10 in Dodging
 13983 | D:10     | Entered Level 10 of the Dungeon
 14052 | D:10     | Learned a level 1 spell: Beastly Appendage
 14056 | D:10     | Learned a level 3 spell: Dazzling Spray
 14800 | D:8      | Learned a level 2 spell: Sticks to Snakes
 14804 | D:8      | Learned a level 3 spell: Tukima's Dance
 14899 | D:10     | Reached XP level 11. HP: 50/50 MP: 20/23
 14918 | D:10     | Found a staircase to the Orcish Mines.
 15351 | D:10     | Reached skill level 1 in Transmutations
 15967 | D:10     | Noticed a death knight
 16160 | D:10     | Noticed a two-headed ogre
 16165 | D:10     | Reached skill level 15 in Stealth
 16169 | D:10     | Noticed an orc knight
 16203 | D:10     | Killed a two-headed ogre
 16329 | D:10     | Killed an orc knight
 16329 | D:10     | Reached **** piety under Sif Muna
 16331 | D:10     | Got a wavering copper amulet
 16343 | D:10     | Killed a death knight
 16343 | D:10     | Reached skill level 10 in Short Blades
 16473 | D:10     | Identified the Papyrus of Battle Magic
 16480 | D:10     | Learned a level 2 spell: Blink
 16650 | D:10     | Found Holegom's General Store.
 16658 | D:10     | Bought a scroll of amnesia for 52 gold pieces
 16658 | D:10     | Identified the amulet "Ulinusk" {Spirit Int+3 Dex+4} (You took it off an orc knight on level 10 of the Dungeon)
 17352 | D:11     | Reached XP level 12. HP: 56/56 MP: 20/25
 17438 | D:11     | Found a staircase to the Lair.
 17559 | D:11     | Noticed a two-headed ogre
 17563 | D:11     | Killed a two-headed ogre
 17612 | D:11     | Found a burning altar of Makhleb.
 17665 | D:11     | Reached skill level 16 in Stealth
 18096 | D:11     | Noticed tamionv's ghost (journeyman GrFi)
 18117 | D:11     | Killed tamionv's ghost
 18117 | D:11     | Reached skill level 5 in Transmutations
 18366 | Lair:1   | Entered Level 1 of the Lair of Beasts
 18730 | Lair:1   | Reached ***** piety under Sif Muna
 18794 | Lair:1   | Noticed a seven-headed hydra
 18799 | Lair:1   | Killed a seven-headed hydra
 20224 | Lair:2   | Noticed a catoblepas
 20227 | Lair:2   | Killed a catoblepas
 20227 | Lair:2   | Reached skill level 17 in Stealth
 20227 | Lair:2   | Reached skill level 10 in Hexes
 20233 | Lair:2   | Identified Sif Muna's Tome of Shifting Enchantment (Sif Muna gifted it to you on level 2 of the Lair of Beasts)
 20233 | Lair:2   | Received a gift from Sif Muna
 20261 | Lair:2   | Learned a level 5 spell: Yara's Violent Unravelling
 20349 | Lair:2   | Learned a level 2 spell: Swiftness
 20374 | Lair:2   | Reached XP level 13. HP: 62/62 MP: 27/27
 20637 | Lair:2   | Reached skill level 1 in Charms
 21603 | Lair:3   | Reached skill level 1 in Conjurations
 21984 | Lair:4   | Reached skill level 10 in Spellcasting
 22610 | Lair:4   | Found a staircase to the Snake Pit.
 22831 | Lair:4   | Found a staircase to the Shoals.
 23183 | Lair:4   | Reached skill level 5 in Fighting
 23620 | Lair:5   | Reached skill level 18 in Stealth
 24032 | Lair:4   | Reached XP level 14. HP: 34/68 MP: 13/29
 25007 | Lair:5   | Identified Sif Muna's Volume of Supportive Dislocation (Sif Muna gifted it to you on level 5 of the Lair of Beasts)
 25007 | Lair:5   | Received a gift from Sif Muna
 25237 | Lair:6   | Entered Level 6 of the Lair of Beasts
 25333 | Lair:6   | Reached skill level 5 in Charms
 25688 | Lair:6   | Found a viscous altar of Jiyva.
 25689 | Lair:6   | Found a staircase to the Slime Pits.
 26358 | Lair:6   | Found a burning altar of Makhleb.
 27060 | Lair:6   | Found a gateway to Hell.
 28105 | Orc:1    | Entered Level 1 of the Orcish Mines
 28216 | Orc:2    | Entered Level 2 of the Orcish Mines
 28216 | Orc:2    | Found a staircase to the Elven Halls.
 28232 | Orc:2    | Noticed an orc warlord
 28236 | Orc:1    | Noticed an orc warlord
 28253 | Orc:1    | Reached skill level 19 in Stealth
 28264 | Orc:1    | Mangled by an orc warrior

Vault maps used:
D:1:      dpeg_arrival_arbitrary_b, minmay_tromino_v7
D:2:      gammafunk_temple_overflow_claw, kennysheep_cross_room
D:3:      nemelex_xobeh_ov_fountains_minmay, minmay_misc_feat_chi
D:4:      first_ration, uniq_purgy, uniq_grinder, uniq_blork_the_orc
D:5:      uniq_prince_ribbit1, uniq_pikel
D:6:      lemuel_crystal_altar, nicolae_overflow_crystal_walls,
          minmay_temple_entry_junction, uniq_edmund, uniq_duvessa
D:7:      grunt_temple_overflow_open
D:8:      nicolae_ru_path_of_blood, serial_shops, shop, shop, shop,
          kennysheep_little_box, basic_altar, blue_anna_alchemist
D:9:      lemuel_round_altar, nrook_loot_triangle
D:10:     minmay_the_grid_octo_tiled_squarecenter, serial_shops, kennysheep_mini
D:11:     dpeg_oklobed_lair, bloody_makhleb
D:12:     kennysheep_generic_room_3, uniq_rupert
Temple:   minmay_temple_bridge_abc
Lair:1:   serial_forest, infiniplex_forest_pool, infiniplex_forest_pool,
          infiniplex_forest_end_3, infiniplex_forest_corner_2,
          infiniplex_forest_clump_double, infiniplex_forest_corner_2,
          infiniplex_forest_lined_corner
Lair:2:   grunt_megastairs_5, lemuel_fruit_tree, serial_bayou_shore_a
Lair:4:   minmay_shoals_entry_hut, guppyfry_snake_entry_garden,
          beast_lair_carwin_9
Lair:5:   st_stairs_4
Lair:6:   evil_forest, dpeg_slime_entry_enclosed_altar, grunt_megastairs_3,
          lemuel_fruit_fields
Orc:1:    portal_ice_cave_entry_animals_and_master
Orc:2:    st_orc_open, mines1_david

Skill      XL: |  1  2  3  4  5  6  7  8  9 10 11 12 13 14 |
---------------+-------------------------------------------+-----
Stealth        | 5 6 7 8 9 11 12 14 15 17 18 19 | 19.0
Short Blades   | 2 3 4 6 7 9 10 11 12 13 | 13.2
Dodging        | 4 5 6 7 8 10 11 13 14 | 14.5
Spellcasting   | 3 4 5 6 7 8 9 10 11 | 11.0
Hexes          | 4 5 6 7 8 9 10 | 10.0
Ice Magic      | 2 3 4 |  4.2
Fighting       | 1 3 4 5 |  5.8
Transmutations | 4 6 |  6.0
Charms         | 4 6 |  6.2
Conjurations   | 2 3 |  3.2

Action                   |  1- 3 |  4- 6 |  7- 9 | 10-12 | 13-15 || total
-------------------------+-------+-------+-------+-------+-------++-------
Melee: Dagger            |   162 |   245 |   392 |   615 |   313 ||  1727
       Kick              |       |       |       |       |     4 ||     4
       Headbutt          |       |       |       |       |     8 ||     8
 Cast: Ensorcelled Hiber |    16 |    31 |   100 |   269 |   256 ||   672
       Confuse           |       |       |     9 |    19 |    28 ||    56
       Dazzling Spray    |       |       |       |    11 |     2 ||    13
       Sticks to Snakes  |       |       |       |     4 |     7 ||    11
       Beastly Appendage |       |       |       |       |     2 ||     2
       Yara's Violent Un |       |       |       |       |     2 ||     2
Invok: Divine Energy     |       |       |       |     1 |       ||     1
  Use: Scroll            |       |       |       |    22 |     6 ||    28
       Potion            |       |       |       |       |     1 ||     1
 Stab: Sleeping          |    20 |    26 |    82 |   186 |   161 ||   475
       Confused          |       |       |     6 |    19 |    19 ||    44
       Distracted        |       |       |       |     2 |     2 ||     4
  Eat: Ration            |       |     3 |     3 |     5 |     4 ||    15
Armor: Robe              |    13 |    10 |    20 |    11 |    16 ||    70
Dodge: Dodged            |   141 |   175 |   258 |   263 |   439 ||  1276

Table legend:
 A = Spawn XP
 B = Non-spawn XP
 C = Spawn XP percentage of total XP
 D = Spawn monster count
 E = Non-spawn monster count
 F = Spawn count percentage of total count
 G = Total turns spent on level
                    A         B        C        D         E        F      G
               +---------+---------+-------+---------+---------+-------+---------
         Total |       0 |   93996 |   0.0 |       0 |     603 |   0.0 | 28264
               +---------+---------+-------+---------+---------+-------+---------
           D:1 |       0 |      68 |   0.0 |       0 |      34 |   0.0 |  1852
           D:2 |       0 |     105 |   0.0 |       0 |      25 |   0.0 |  1439
           D:3 |       0 |     269 |   0.0 |       0 |      35 |   0.0 |  2091
           D:4 |       0 |    1109 |   0.0 |       0 |      30 |   0.0 |  1532
           D:5 |       0 |    1871 |   0.0 |       0 |      33 |   0.0 |  1179
           D:6 |       0 |     886 |   0.0 |       0 |      14 |   0.0 |  1162
           D:7 |       0 |    1765 |   0.0 |       0 |      31 |   0.0 |  1786
           D:8 |       0 |    2362 |   0.0 |       0 |      31 |   0.0 |  1976
           D:9 |       0 |    2471 |   0.0 |       0 |      27 |   0.0 |  1670
          D:10 |       0 |    7368 |   0.0 |       0 |      61 |   0.0 |  1974
          D:11 |       0 |    9849 |   0.0 |       0 |      60 |   0.0 |  1536
        Lair:1 |       0 |    7971 |   0.0 |       0 |      28 |   0.0 |  1903
        Lair:2 |       0 |    5748 |   0.0 |       0 |      28 |   0.0 |  1035
        Lair:3 |       0 |    2849 |   0.0 |       0 |      11 |   0.0 |   842
        Lair:4 |       0 |   15486 |   0.0 |       0 |      46 |   0.0 |  1999
        Lair:5 |       0 |    9511 |   0.0 |       0 |      30 |   0.0 |  1252
        Lair:6 |       0 |   22289 |   0.0 |       0 |      68 |   0.0 |  2672
         Orc:1 |       0 |    1697 |   0.0 |       0 |      10 |   0.0 |   139
         Orc:2 |       0 |     322 |   0.0 |       0 |       1 |   0.0 |    20
               +---------+---------+-------+---------+---------+-------+---------
